 Dungeon Crawl Stone Soup version 0.30-a0-626-gd6a5dd7a1f (webtiles) character file.

Game seed: 17976182543180957109

266761 tsouns the Acrobat (level 20, -4/174 HPs)
             Began as a Merfolk Gladiator on Jan 12, 2023.
             Was an Initiate of Gozag.
             Killed from afar by a war gargoyle (25 damage)
             ... with a spray of metal splinters
             ... led by a peacekeeper
             ... on level 4 of the Vaults.
             The game lasted 01:42:59 (46221 turns).

tsouns the Acrobat (Merfolk Gladiator)             Turns: 46221, Time: 01:43:00

Health: -4/174     AC: 37    Str: 18    XL:     20   Next: 51%
Magic:  32/32      EV: 10    Int: 13    God:    Gozag
Gold:   4331       SH: 40    Dex: 30    Spells: 27/36 levels left

rFire   + . .      SeeInvis +    a - +5 trident (elec)
rCold   + . .      Faith    .    f - +18 shield of the Gong {rElec rN+ Will+ EV-5}
rNeg    + . .      Spirit   .    Q - +9 scales of the Dragon King {rPois rF+ rC+ Will+}
rPois   +          Reflect  +    d - +0 mask of the Dragon {Will+ Slay+3 SInv}
rElec   +          Harm     .    A - +1 cloak
rCorr   .          Rampage  .    N - +2 pair of gloves {Stlth+}
Will    ++++.                    Z - +2 pair of boots Stlth
                                 s - amulet of Starshine {Reflect Fly Str+3 SH+5 SInv}
HPRegen 0.49/turn                H - +6 ring of dexterity
MPRegen 0.23/turn                V - +6 ring of dexterity

@: flying
A: (nimble swimmer 2), mertail
}: 1/15 runes: decaying
a: Renounce Religion, Potion Petition, Call Merchant, Bribe Branch


You were on level 4 of the Vaults.
You worshipped Gozag.
Gozag was most pleased with you.
You visited 6 branches of the dungeon, and saw 34 of its levels.
You also visited: Sewer, Ossuary and Ice Cave.

You collected 14477 gold pieces.
You spent 9491 gold pieces at shops.
You paid 655 gold pieces to Gozag.

Inventory:

Hand Weapons
 a - a +5 trident of electrocution (weapon)
Missiles
 c - 2 curare-tipped darts (quivered)
 e - 11 javelins
Armour
 d - the +0 mask of the Dragon (worn) {Will+ Slay+3 SInv}
   (You found it on level 2 of the Swamp)

   Slay:      It affects your accuracy & damage with ranged weapons and melee
   (+3).
   SInv:      It lets you see invisible.
   Will:      It increases your willpower.
 f - the +18 shield of the Gong (worn) {rElec rN+ Will+ EV-5}
   (You bought it in a shop on level 15 of the Dungeon)

   It is deafeningly noisy when blocking attacks.
   EV:        It affects your evasion (-5).
   rElec:     It insulates you from electricity.
   rN:        It protects you from negative energy.
   Will:      It increases your willpower.
 A - a +1 cloak (worn)
 N - a +2 pair of gloves of stealth (worn)
 Q - the +9 scales of the Dragon King (worn) {rPois rF+ rC+ Will+}
   (You bought it in a shop on level 4 of the Vaults)

   rF:        It protects you from fire.
   rC:        It protects you from cold.
   rPois:     It protects you from poison.
   Will:      It increases your willpower.
 Z - a +2 pair of boots (worn)
Jewellery
 k - a +4 ring of protection
 s - the amulet of Starshine (around neck) {Reflect Fly Str+3 SH+5 SInv}
   (You acquired it on level 15 of the Dungeon)

   [amulet of reflection]

   It reflects blocked missile attacks.
   Str:       It affects your strength (+3).
   SInv:      It lets you see invisible.
   Fly:       It grants you flight.
   SH:        It affects your SH (+5).
 H - a +6 ring of dexterity (left hand)
 V - a +6 ring of dexterity (right hand)
 X - a ring of see invisible
Wands
 n - a wand of acid (9)
 p - a wand of digging (7)
 q - a wand of roots (12)
 u - a wand of flame (14)
 J - a wand of polymorph (5)
 O - a wand of charming (14)
 S - a wand of mindburst (9)
Scrolls
 b - 2 scrolls of magic mapping
 g - 15 scrolls of teleportation
 i - 12 scrolls of fog
 v - 4 scrolls of poison
 w - 4 scrolls of fear
 y - 2 scrolls of summoning
 z - 6 scrolls of immolation
 B - 4 scrolls of amnesia
 C - 5 scrolls of blinking
 D - 3 scrolls of silence
 G - 4 scrolls of vulnerability
 K - 2 scrolls of brand weapon
 L - 13 scrolls of identify
Potions
 h - 5 potions of resistance
 j - 2 potions of heal wounds
 l - 6 potions of mutation
 m - a potion of magic
 o - 14 potions of curing
 r - 9 potions of lignification
 t - 7 potions of flight
 E - 7 potions of brilliance
 F - a potion of might
 P - 3 potions of cancellation
 R - 5 potions of haste
 U - a potion of ambrosia
 W - 2 potions of invisibility
Miscellaneous
 I - a lightning rod (4/4)


   Skills:
 + Level 19.4 Fighting
 - Level 16.0 Polearms
 - Level 2.0 Throwing
 + Level 12.3 Armour
 + Level 22.8 Dodging
 * Level 16.3 Shields
 - Level 8.7 Spellcasting
 + Level 10.2 Evocations


You had 27 spell levels left.
You knew the following spells:

 Your Spells              Type           Power      Damage    Failure   Level
a - Necrotise             Necr           20%        1d5       100%        1
b - Slow                  Hex            20%        N/A       100%        1
c - Ensorcelled Hibernat  Hex/Ice        10%        N/A       100%        2
d - Passwall              Tmut/Erth      4%         N/A       100%        2
e - Confusing Touch       Hex            5%         N/A       100%        3

Your spell library contained the following spells:

 Spells                   Type           Power      Damage    Failure   Level
 Foxfire                  Conj/Fire      20%        2x1d5     100%        1
 Dazzling Flash           Conj/Hex       10%        N/A       100%        3
 Gell's Gravitas          Tloc           5%         N/A       100%        3
 Hailstorm                Conj/Ice       5%         3d4       100%        3
 Ignite Poison            Fire/Tmut/Pois 5%         N/A       100%        3
 Kindle Blastsparks       Fire/Tloc/Air  10%        2d10      100%        3
 Lesser Beckoning         Tloc           10%        N/A       100%        3
 Spider Form              Tmut/Pois      5%         N/A       100%        3
 Swiftness                Air            5%         N/A       100%        3
 Teleport Other           Tloc           5%         N/A       100%        3
 Vampiric Draining        Necr           5%         2d6       100%        3
 Anguish                  Hex/Necr       2%         N/A       100%        4
 Animate Armour           Summ/Erth      10%        N/A       100%        4
 Ice Form                 Ice/Tmut       5%         N/A       100%        4
 Manifold Assault         Tloc           5%         N/A       100%        4
 Agony                    Necr           5%         N/A       100%        5
 Alistair's Intoxication  Tmut/Pois      3%         N/A       100%        5
 Blade Hands              Tmut           2%         N/A       100%        5
 Borgnjor's Vile Clutch   Necr/Erth      2%         N/A       100%        5
 Fireball                 Conj/Fire      2%         3d4       100%        5
 Freezing Cloud           Conj/Ice/Air   2%         6-21      100%        5
 Silence                  Hex/Air        2%         N/A       100%        5
 Dispersal                Tloc           2%         N/A       100%        6
 Eringya's Noxious Bog    Tmut/Pois      2%         N/A       100%        6
 Iron Shot                Conj/Erth      2%         9d2       100%        6
 Starburst                Conj/Fire      2%         6d3       100%        6
 Haunt                    Necr/Summ      2%         N/A       100%        7
 Disjunction              Tloc           2%         N/A       100%        8
 Infestation              Necr           2%         N/A       100%        8
 Chain Lightning          Conj/Air       2%         3d3       100%        9
 Fire Storm               Conj/Fire      2%         8d1       100%        9
 Shatter                  Erth           2%         3d6*      100%        9
 Animate Dead             Necr           Unusable   N/A       N/A         4
 Simulacrum               Ice/Necr       Unusable   N/A       N/A         6

Dungeon Overview and Level Annotations

Branches:
Dungeon (15/15)            Temple (0/1) D:6            Lair (5/5) D:10
  Swamp (4/4) Lair:3       Spider (4/4) Lair:2        Slime (0/5) Lair:5
    Orc (2/2) D:9             Elf (0/3) Orc:2        Vaults (4/5) D:14
  Crypt (0/3) Vaults:2     Depths (0/4) D:15          Sewer (visited)
Ossuary (visited)           IceCv (visited)

Altars:
Cheibriados
Dithmenos
Elyvilon
Gozag
Hepliaklqana
Kikubaaqudgha
Makhleb
Nemelex Xobeh
Okawaru
Qazlal
Ru
Sif Muna
Trog
Vehumet
Wu Jian
Xom
Yredelemnul
Zin
Jiyva

Shops:
D:2 =[(   D:4 *   D:11 *   D:13 :   D:15 [   Orc:2 ::**(!   Lair:3 (
Vaults:4 [

Annotations:
D:5 2 runed translucent doors, Crownlay's ghost, novice GnWn
Lair:3 exclusion: oklob plant


Innate Abilities, Weirdness & Mutations

((You are very nimble when in or above water. (Stealth+, EV+, Speed+++)))
Your lower body shifts to a powerful aquatic tail in water.


Message History

You hit the yaktaur captain.
The yaktaur captain is moderately wounded.
The ice encasing you melts away.
The war gargoyle launches metal splinters at you.
The spray of metal splinters hits you but does no damage.
You block the ironbound convoker's attack.
PANG!
The ironbound frostheart touches you. The ironbound frostheart freezes you!
You resist. You block the ettin's attack.
PANG!
You block the ettin's attack.
SHROANNG!
The yaktaur captain hits you!!
* * * LOW HITPOINT WARNING * * *
You hear a horrible gurgling sound! x2
You puncture the yaktaur captain!
Lightning courses through the yaktaur captain!!
The yaktaur captain is severely wounded.
You block the war gargoyle's attack.
PTOANNNG!
You hear a shout!
You puncture the yaktaur captain!
Lightning courses through the yaktaur captain!!
You kill the yaktaur captain!
The ettin is distracted by your dazzling golden aura.
You block the ironbound convoker's attack.
GONNNNG!
You block the war gargoyle's attack.
BONNNG!
The ironbound frostheart touches you!
* * * LOW HITPOINT WARNING * * *
The ironbound frostheart freezes you! You resist.
* * * LOW HITPOINT WARNING * * *
The ettin shouts in stereo!
You hear a horrible gurgling sound! x2
Blink to where?
Press: ? - help, Dir - move target
As you read the scroll of blinking, it crumbles to dust.
The war gargoyle launches metal splinters at you.
The spray of metal splinters hits you!!
You die...
Your body crumbles into a pile of gold. #..# #....# #.. #..# #.^..# #p. #..# #....# #pp

#..# #....# #.. #.(# #....# #..
#..# #....# #.. #..# #....# #..
#..############....############..
#...............@...9..p...$.Cc..
#.......................p...$$...
#################################


You could see an ironbound frostheart (strong) and a war gargoyle (catching
breath).

Vanquished Creatures
  Bai Suzhen (Vaults:3)
  the Lernaean hydra (Swamp:4)
  Frederick (Vaults:3)
  A tentacled monstrosity (Vaults:3)
  Rupert (Lair:5)
  Jorgrun (Spider:1)
  Mlioglotl (Swamp:3)
  A thorn hunter (Swamp:3)
  Agnes (D:15)
  A sphinx (Vaults:3)
  A tengu reaver (Vaults:3)
  Kirke (D:15)
  An emperor scorpion (Spider:3)
  3 ghost moths
  8 vault wardens
  An orc warlord (Vaults:2)
  9 very ugly things
  3 reapers (IceCv)
  3 ironbound thunderhulks
  11 ironbound preservers
  Nessos (D:15)
  4 eleionomae
  15 dire elephants
  Azrael (Spider:1)
  A bunyip (Swamp:2)
  2 spark wasps
  6 yaktaur captains
  Josephine (Lair:4)
  A shambling mangrove (Swamp:3)
  6 great orbs of eyes
  A peacekeeper (Vaults:3)
  A jorogumo (Spider:2)
  7 vault guards
  22 hydras
  2 radroaches (Spider:1)
  An ice dragon (D:15)
  12 centaur warriors
  8 alligators
  8 boulder beetles
  A death knight (D:15)
  2 ghost crabs (Swamp:4)
  9 ironbound frosthearts
  7 two-headed ogres
  2 death yaks (Lair:5)
  A tengu warrior (D:15)
  A titan zombie (Vaults:3)
  A vampire mage (D:15)
  10 orc high priests (Orc:2)
  2 deep elf knights
  A spriggan berserker (Swamp:3)
  A storm dragon zombie (D:15)
  A sun moth (Spider:3)
  A spectral anaconda (Lair:5)
  A titan skeleton (Vaults:2)
  A golden dragon zombie (D:15)
  9 goliath frogs
  10 skeletal warriors
  35 deep trolls
  3 spriggan druids
  6 pharaoh ants
  4 orb spiders
  2 spectral death yaks (Lair:5)
  A deep elf archer (Spider:2)
  11 swamp dragons
  5 spriggan simulacra (IceCv)
  11 bog bodies
  6 lindwurms
  2 phantasmal warriors
  4 steelbarb worms
  12 ironbound convokers
  6 orc knights
  2 wizards (Vaults:2)
  2 obsidian statues
  A stone giant zombie (D:15)
  4 deep elf pyromancers
  A harpy (Vaults:1)
  7 necromancers
  An orc sorcerer (Orc:1)
  6 cyclopes
  A frost giant zombie (D:15)
  Pikel (D:5)
  8 wolf spiders
  7 manticores
  16 ugly things
  2 tengu skeletons (Vaults:2)
  3 moths of wrath
  7 elephants (Lair:5)
  A stone giant skeleton (Vaults:2)
  3 will-o-the-wisps
  A fire giant skeleton (Vaults:2)
  8 vault sentinels
  Joseph (D:7)
  4 black mambas
  4 torpor snails (Spider:1)
  18 demonic crawlers
  A gargoyle (D:12)
  31 yaktaurs
  10 cane toads
  An elf skeleton (Vaults:3)
  9 komodo dragons
  9 freezing wraiths
  2 efreet
  A komodo dragon (shapeshifter) (D:13)
  2 anaconda simulacra (IceCv)
  A tengu conjurer (D:15)
  3 dire elephant skeletons (Lair:5)
  An ice devil (IceCv)
  A golden dragon simulacrum (IceCv)
  A guardian mummy (D:15)
  2 yaktaur skeletons
  9 trolls
  7 hornets
  2 polar bears (Lair:4)
  13 tarantellas
  9 tyrant leeches
  A queen bee (shapeshifter) (D:14)
  20 blink frogs
  A spectral elephant (Lair:5)
  6 dream sheep (Lair:2)
  An ettin zombie (Vaults:1)
  26 slime creatures
  A centaur simulacrum (D:13)
  A water elemental (D:11)
  16 jumping spiders
  2 vampires
  10 wraiths
  13 culicivoras
  8 spriggans
  3 shadows
  8 wyverns
  A dire elephant simulacrum (IceCv)
  2 fire elementals (Spider:1)
  28 yaks
  8 basilisks
  A hog (D:15)
  47 redbacks
  2 steam dragons
  9 vampire mosquitoes
  A death yak simulacrum (Lair:5)
  5 minotaur simulacra (IceCv)
  16 swamp worms
  6 wargs
  Menkaure (D:7)
  18 water moccasins
  An acid dragon (D:10)
  7 hell hounds
  A glowing shapeshifter skeleton (Vaults:1)
  18 orc warriors
  8 swamp drakes
  An elephant zombie (Lair:5)
  An ice beast (D:7)
  A sky beast (D:7)
  8 black bears
  An alligator simulacrum (IceCv)
  8 ogres
  8 centaurs
  3 wolves (Lair:3)
  An elephant skeleton (Lair:5)
  3 human skeletons
  3 lemures (D:5)
  17 bullfrogs
  6 kobold brigands
  3 scorpions
  A gnoll sergeant (D:13)
  3 necrophages
  2 deep troll simulacra (IceCv)
  3 wights (D:7)
  3 killer bees (D:8)
  3 lindwurm simulacra (IceCv)
  An elephant simulacrum (Lair:5)
  10 howler monkeys
  4 electric eels (D:11)
  A crimson imp (Spider:1)
  A centaur zombie (Ossuary)
  4 hounds
  2 quasits (D:5)
  42 orc priests
  Crazy Yiuf (D:7)
  4 human zombies (Ossuary)
  3 jellies
  14 iguanas
  21 orc wizards
  4 hell rats (Lair:4)
  4 hound zombies (Ossuary)
  3 mummies (Ossuary)
  9 gnolls
  12 adders
  4 shadow imps
  2 white imps (D:5)
  2 ufetubi (D:5)
  3 adder zombies (Ossuary)
  5 worms
  3 dart slugs
  77 orcs
  17 endoplasms
  2 giant cockroaches
  2 gnoll zombies (Ossuary)
  7 hobgoblins
  A jackal (D:5)
  52 kobolds
  5 quokkas
  11 ball pythons
  4 bats
  9 frilled lizards
  2 goblins
  3 goblin zombies (Ossuary)
  3 hobgoblin zombies (Ossuary)
  6 jackal zombies (Ossuary)
  3 kobold zombies (Ossuary)
  2 orc zombies (Ossuary)
  3 quokka zombies (Ossuary)
  6 rats
  3 rat zombies (Ossuary)
1297 creatures vanquished.

Vanquished Creatures (others)
  A spriggan druid (Swamp:4)
  A hornet (Swamp:4)
  A jumping spider (Spider:2)
  A human (D:15)
  A swamp drake (Swamp:4)
  4 demonic plants (D:5)
  18 foxfires
  61 fungi
  40 plants
  8 toadstools (D:4)
  25 withered plants
161 creatures vanquished.

Grand Total: 1458 creatures vanquished

Notes
Turn   | Place    | Note
-------+----------+-------------------------------------------
     0 | D:1      | tsouns the Merfolk Gladiator began the quest for the Orb.
     0 | D:1      | Reached XP level 1. HP: 16/16 MP: 1/1
   113 | D:1      | Reached XP level 2. HP: 23/23 MP: 2/2
   563 | D:1      | Reached XP level 3. HP: 28/28 MP: 3/3
   966 | D:2      | Noticed an ogre
  1091 | D:2      | Found Soassil's Antique Armour Emporium.
  1299 | D:2      | Reached XP level 4. HP: 34/35 MP: 4/4
  1317 | D:2      | Found Zeptip's Jewellery Emporium.
  1406 | D:2      | Found Qane's Weapon Emporium.
  1473 | D:3      | Reached skill level 5 in Dodging
  1483 | D:3      | Reached skill level 5 in Polearms
  1651 | D:3      | Reached skill level 9 in Dodging
  1651 | D:3      | Reached XP level 5. HP: 48/48 MP: 5/5
  2487 | D:4      | Found a stormy altar of Qazlal.
  2487 | D:4      | Found a white marble altar of Elyvilon.
  2487 | D:4      | Found a basalt altar of Yredelemnul.
  2487 | D:4      | Found a bloodstained altar of Trog.
  2487 | D:4      | Found a shimmering blue altar of Sif Muna.
  2487 | D:4      | Found an opulent altar of Gozag.
  2487 | D:4      | Found a sparkling altar of Nemelex Xobeh.
  2487 | D:4      | Found a hazy altar of Hepliaklqana.
  2487 | D:4      | Found a radiant altar of Vehumet.
  2487 | D:4      | Found a burning altar of Makhleb.
  2487 | D:4      | Found a shadowy altar of Dithmenos.
  2488 | D:4      | Found a snail-covered altar of Cheibriados.
  2489 | D:4      | Found a glowing silver altar of Zin.
  2489 | D:4      | Found an ornate altar of the Wu Jian Council.
  2499 | D:4      | Became a worshipper of Gozag Ym Sagoz the Greedy
  2527 | D:4      | Identified the +0 buckler of the Enchanted Forest {rF+}
  2764 | D:4      | Reached XP level 6. HP: 48/55 MP: 6/6
  2927 | D:4      | Reached skill level 1 in Shields
  3068 | D:4      | Found a sand-covered staircase.
  3073 | Ossuary  | Entered an ossuary
  3194 | Ossuary  | Reached XP level 7. HP: 60/60 MP: 7/7
  3520 | D:4      | Found Ologrot's Assorted Antiques.
  3528 | D:4      | Bought a sedimented orange potion for 26 gold pieces
  3528 | D:4      | Bought a scroll of identify for 58 gold pieces
  3528 | D:4      | Bought a scroll labelled YCYNEAZACW for 29 gold pieces
  3874 | D:5      | Entered Level 5 of the Dungeon
  3979 | D:5      | Reached XP level 8. HP: 47/67 MP: 8/8
  4010 | D:5      | Found a glowing drain.
  4029 | Sewer    | Entered a sewer
  4448 | D:5      | Reached skill level 10 in Dodging
  4652 | D:5      | Noticed Pikel
  4663 | D:5      | Killed Pikel
  4664 | D:5      | Reached XP level 9. HP: 51/74 MP: 9/9
  4770 | D:5      | Found a large runed translucent door.
  4770 | D:5      | Found a large runed translucent door.
  4772 | D:5      | Noticed Crownlay's ghost (novice GnWn)
  5437 | D:6      | Found a staircase to the Ecumenical Temple.
  5582 | D:6      | Noticed a two-headed ogre
  5590 | D:6      | Killed a two-headed ogre
  5591 | D:6      | Reached skill level 11 in Dodging
  5622 | D:6      | Reached XP level 10. HP: 82/82 MP: 10/10
  6102 | D:7      | Noticed Joseph
  6195 | D:7      | Killed Joseph
  6196 | D:7      | Reached skill level 5 in Shields
  6418 | D:7      | Noticed Menkaure
  6429 | D:7      | Killed Menkaure
  7042 | D:7      | Found a runed translucent door.
  7043 | D:7      | Noticed Crazy Yiuf
  7440 | D:7      | Killed Crazy Yiuf
  7849 | D:8      | Reached skill level 1 in Armour
  8012 | D:8      | Reached skill level 12 in Dodging
  8061 | D:8      | Noticed a two-headed ogre
  8076 | D:8      | Killed a two-headed ogre
  8077 | D:8      | Reached XP level 11. HP: 82/90 MP: 11/11
  8226 | D:8      | Identified the +2 scale mail of the Tormentor {rC++ Regen+
                  | rCorr Int-4}
  8445 | D:9      | Reached skill level 10 in Fighting
  8483 | D:9      | Found an ancient bone altar of Kikubaaqudgha.
  8962 | D:9      | Found a sacrificial altar of Ru.
  8973 | D:9      | Found a staircase to the Orcish Mines.
  9250 | D:10     | Entered Level 10 of the Dungeon
  9272 | D:10     | You fall into a shaft and drop 3 floors!
  9316 | D:12     | Noticed a deep elf pyromancer
  9339 | D:11     | Found Urau's General Store.
  9783 | D:10     | Found a staircase to the Lair.
 10212 | D:10     | Noticed a two-headed ogre
 10225 | D:10     | Killed a two-headed ogre
 10226 | D:10     | Reached skill level 13 in Dodging
 10337 | D:10     | Reached XP level 12. HP: 89/99 MP: 12/12
 10486 | Lair:1   | Entered Level 1 of the Lair of Beasts
 10513 | Lair:1   | Identified the +8 chain mail "Ciaghir" {*Slow rC+ Int+8}
 10675 | Lair:1   | Reached skill level 5 in Armour
 11114 | Lair:2   | Noticed an eight-headed hydra
 11125 | Lair:2   | Killed an eight-headed hydra
 11324 | Lair:2   | Noticed a six-headed hydra
 11338 | Lair:2   | Killed a six-headed hydra
 11376 | Lair:2   | Noticed a five-headed hydra
 11389 | Lair:2   | Killed a five-headed hydra
 11449 | Lair:2   | Found a hole to the Spider Nest.
 11517 | Lair:2   | Reached skill level 14 in Dodging
 11544 | Lair:2   | Found the +7 Kryia's mail coat {PotionHeal*2 rC+}
 12379 | Lair:3   | Identified the amulet of the Robin {Faith Int+5}
 12740 | Lair:3   | Reached XP level 13. HP: 109/109 MP: 13/13
 12776 | Lair:3   | Reached skill level 15 in Dodging
 12989 | Lair:3   | Found a staircase to the Swamp.
 13688 | Lair:4   | Noticed Josephine
 13706 | Lair:4   | Killed Josephine
 14000 | Lair:4   | Reached skill level 1 in Spellcasting
 14505 | Lair:5   | Entered Level 5 of the Lair of Beasts
 14506 | Lair:5   | Found a viscous altar of Jiyva.
 14506 | Lair:5   | Found a staircase to the Slime Pits.
 14807 | Lair:5   | Noticed a dire elephant
 14808 | Lair:5   | Noticed a dire elephant
 14808 | Lair:5   | Noticed a dire elephant
 14917 | Lair:5   | Noticed Rupert
 14942 | Lair:5   | Reached skill level 16 in Dodging
 15083 | Lair:5   | Killed Rupert
 15594 | Lair:5   | Reached skill level 10 in Armour
 15700 | Lair:5   | Reached XP level 14. HP: 119/119 MP: 17/19
 15822 | Lair:5   | Identified the +10 shortbow of Kimewiw {freeze, rN+ Str+3}
 16277 | Lair:5   | Killed a dire elephant
 16323 | Lair:5   | Killed a dire elephant
 16556 | Lair:5   | Killed a dire elephant
 17340 | Orc:1    | Entered Level 1 of the Orcish Mines
 17398 | Orc:1    | Found a shimmering altar of Xom.
 17527 | Orc:1    | Reached skill level 17 in Dodging
 18026 | Orc:1    | Reached skill level 5 in Spellcasting
 18276 | Orc:2    | Entered Level 2 of the Orcish Mines
 18739 | Orc:2    | Found Tutedix's Book Boutique.
 18739 | Orc:2    | Found Peomuu's Book Shoppe.
 18900 | Orc:2    | Found Duukku's Specific Store.
 18900 | Orc:2    | Found Demm's General Store.
 18923 | Orc:2    | Bought a potion of curing for 45 gold pieces
 18923 | Orc:2    | Bought a scroll of enchant armour for 112 gold pieces
 19133 | Orc:2    | Found a staircase to the Elven Halls.
 19171 | Orc:2    | Found Bosm's Antique Weapon Shoppe.
 19216 | Orc:2    | Found Vuss's Distillery.
 19395 | Orc:2    | Bought a potion of haste for 140 gold pieces
 19395 | Orc:2    | Bought a potion of heal wounds for 70 gold pieces
 19395 | Orc:2    | Bought a potion of curing for 42 gold pieces
 19957 | D:11     | Reached XP level 15. HP: 107/127 MP: 20/24
 20429 | D:12     | Reached skill level 15 in Fighting
 21036 | D:13     | Reached skill level 18 in Dodging
 21450 | D:13     | Found Enlunust's Book Boutique.
 22322 | D:14     | Found an iron altar of Okawaru.
 23105 | D:14     | Found a gate to the Vaults.
 23174 | D:15     | Entered Level 15 of the Dungeon
 23411 | D:15     | Found a frozen archway.
 23431 | IceCv    | Entered an ice cave
 23530 | IceCv    | Reached XP level 16. HP: 89/138 MP: 22/28
 23879 | IceCv    | Reached skill level 19 in Dodging
 24850 | D:15     | Noticed Agnes
 24981 | D:15     | Reached skill level 15 in Polearms
 24985 | D:15     | Found Lout's Antique Armour Shoppe.
 24993 | D:15     | Bought the +18 shield of the Gong {rElec rN+ Will+ EV-5}
                  | for 3113 gold pieces
 24993 | D:15     | Found the +18 shield of the Gong {rElec rN+ Will+ EV-5}
 24993 | D:15     | Bought a glowing helmet for 240 gold pieces
 25131 | D:15     | Noticed Nessos
 25151 | D:15     | Killed Agnes
 25193 | D:15     | Killed Nessos
 25376 | D:15     | Noticed Kirke
 25395 | D:15     | Killed Kirke
 25520 | D:15     | Identified a scroll of acquirement
 25521 | D:15     | Acquired the amulet of Starshine {Reflect Fly Str+3 SH+5
                  | SInv}
 25578 | D:15     | Found a staircase to the Depths.
 25901 | Spider:1 | Entered Level 1 of the Spider Nest
 26205 | Spider:1 | Noticed Jorgrun
 26215 | Spider:1 | Killed Jorgrun
 26245 | Spider:1 | Noticed Azrael
 26332 | Spider:1 | Killed Azrael
 26873 | Spider:1 | Reached skill level 1 in Evocations
 28017 | Spider:1 | Reached XP level 17. HP: 127/146 MP: 5/29
 28722 | Spider:2 | Reached skill level 20 in Dodging
 28805 | Spider:1 | Reached skill level 10 in Shields
 31186 | Spider:4 | Entered Level 4 of the Spider Nest
 31357 | Swamp:1  | Entered Level 1 of the Swamp
 32103 | Swamp:2  | Found the +0 mask of the Dragon {Will+ Slay+3 SInv}
 33079 | Swamp:2  | Reached skill level 5 in Evocations
 33565 | Swamp:3  | Noticed Mlioglotl
 34284 | Swamp:3  | Killed Mlioglotl
 34285 | Swamp:3  | Reached XP level 18. HP: 155/155 MP: 30/30
 34636 | Swamp:4  | Entered Level 4 of the Swamp
 36675 | Swamp:4  | Reached skill level 21 in Dodging
 37113 | Swamp:4  | Noticed the 27-headed Lernaean hydra
 38406 | Swamp:4  | HP: 6/156 [the 27-headed Lernaean hydra (2)]
 38409 | Swamp:4  | Killed the 27-headed Lernaean hydra
 38415 | Swamp:4  | Got a decaying rune of Zot
 39214 | Vaults:1 | Entered Level 1 of the Vaults
 40207 | Vaults:1 | Reached XP level 19. HP: 113/164 MP: 31/31
 41188 | Vaults:2 | Learned a level 1 spell: Necrotise
 41190 | Vaults:2 | Learned a level 1 spell: Slow
 41193 | Vaults:2 | Learned a level 2 spell: Ensorcelled Hibernation
 41196 | Vaults:2 | Learned a level 2 spell: Passwall
 41200 | Vaults:2 | Learned a level 3 spell: Confusing Touch
 41699 | Vaults:2 | Reached skill level 22 in Dodging
 42479 | Vaults:2 | Reached skill level 15 in Shields
 43355 | Vaults:2 | Found a staircase to the Crypt.
 43541 | Vaults:3 | Noticed Bai Suzhen
 43906 | Vaults:3 | Reached XP level 20. HP: 157/174 MP: 32/32
 44854 | Vaults:3 | Killed Bai Suzhen
 44916 | Vaults:3 | Noticed Frederick
 44940 | Vaults:3 | Killed Frederick
 45059 | Vaults:3 | Reached skill level 10 in Evocations
 45640 | Vaults:4 | Found Fomug's Antique Armour Boutique.
 45645 | Vaults:4 | Bought the +9 scales of the Dragon King {rPois rF+ rC+
                  | Will+} for 5616 gold pieces
 45645 | Vaults:4 | Found the +9 scales of the Dragon King {rPois rF+ rC+
                  | Will+}
 45670 | Vaults:4 | Identified the -2 pair of gloves of Gehenna {rPois rC+}
 46221 | Vaults:4 | Killed from afar by a war gargoyle

Illustrated notes

Levels and vault maps discovered:
D:1:      erik_arrival_blinker_ship, layout_loops_ring, lexackson_kobold_supper
D:2:      layout_rooms, serial_shops, shop, shop,
          nicolae_shop_bloodbath_and_beyond
D:3:      layout_loops_corners, minmay_misc_feat_roman, st_stairs_3,
          chequers_jeans
D:4:      cheibrodos_fertilizer, layout_cave_pools, nicolae_overflows_in_rows,
          nicolae_ossuary_entry_false_entrances, serial_shops, shop,
          supply_closet_lemuel, kennysheep_generic_room_12
D:5:      layout_cave_pools, ebering_ghost_disaster_area, serial_demonic,
          serial_demonic_d, serial_demonic_d, serial_demonic_e,
          serial_demonic_b, cheibrodos_sewer_entry_bend, minmay_joined_circles,
          uniq_pikel
D:6:      layout_cave_pools, minmay_temple_entry_mist,
          hangedman_decor_clover_reticule
D:7:      layout_loops_ring, minmay_bent, uniq_menkaure,
          uniq_crazy_yiuf_cottage, uniq_joseph
D:8:      layout_rooms
D:9:      layout_long_grid, nicolae_ru_the_path_less_chosen, old_standard_altar,
          orc_0_dummy
D:10:     layout_loops_corners, due_lair_maze_entry_diamond
D:11:     dragon1_lemuel, layout_basic, serial_shops, shop
D:12:     layout_cave_pools
D:13:     kennysheep_green_arena, layout_loops_ring, serial_shops,
          nicolae_shop_statue_plus
D:14:     layout_rooms, david_vaults_5, okawaru_metal_pillars_1_2
D:15:     gammafunk_depths_entry_grave, layout_irregular_city,
          portal_ice_cave_entry_dragon, serial_shops, nicolae_shop_waterfront,
          uniq_agnes, uniq_nessos, uniq_kirke
Lair:1:   layout_misc_corridors
Lair:2:   layout_big_grid, spider_nest_entry_a, grunt_megastairs_5
Lair:3:   beast_lair_carwin_large_3, layout_chaotic_city, swamp_mist,
          nzn_sisyphean_effort
Lair:4:   layout_loops_ring, grunt_megastairs_1, uniq_josephine
Lair:5:   due_jungle_book, layout_regular_city, slime_entry_1,
          infiniplex_staircase_pool_2, grunt_megastairs_3, uniq_rupert
Swamp:1:  layout_falls_marsh, nicolae_swamp_ascending_descending, swamp_pool1,
          infiniplex_staircase_pool
Swamp:2:  layout_basic_swamp, evilmike_swamp_ruin_rubble_1
Swamp:3:  layout_falls_marsh, nicolae_swamp_oxbows, uniq_mlioglotl
Swamp:4:  grunt_swamp_rune_castle, layout_basic_swamp
Spider:1: layout_spider_delve, nicolae_crawler_farm, uniq_azrael, uniq_jorgrun
Spider:2: layout_spider_delve, beargit_elvish_explorers
Spider:3: layout_cave_pods
Spider:4: grunt_spider_rune_island, gammafunk_ghost_grave
Orc:1:    layout_caves, basic_altar
Orc:2:    st_orc_town, layout_caves, nicolae_specific_store
Vaults:1: nicolae_vaults_little_squares_6, nicolae_vaults_rhombus_5,
          nicolae_vaults_circle_grid_b, v_misc_11, vaults_room_grid,
          nicolae_vaults_three_branches, nicolae_vaults_ring_of_whatevers,
          v_misc_28, v_misc_3, vaults_room_grunt_arrival_ludios,
          nicolae_vaults_little_squares_6, v_misc_5, st_lattice,
          layout_vaults_chaotic_city
Vaults:2: v_rooms_5, minmay_crypt_entry_skeletal_spiral,
          nicolae_vaults_back_hallway, vaults_room_large_hall,
          nicolae_vaults_puzzle_piece, nicolae_vaults_theta,
          nicolae_vaults_specimen_jars, v_rooms_6, ontoclasm_vaults_chip,
          ontoclasm_vaults_eye, nicolae_vaults_big_angled_halls,
          nicolae_vaults_angled_halls, nicolae_vaults_little_squares_3,
          nicolae_vaults_border_crossing, vaults_room_pool,
          layout_vaults_omnicross
Vaults:3: ontoclasm_vaults_hangar, ontoclasm_vaults_spin, vaults_dpeg_hooks,
          v_rooms_5, v_rooms_3, nicolae_vaults_network_star,
          nicolae_vaults_little_ls, v_misc_2, nicolae_vaults_yaktaur_gun_rack,
          vaults_room_guarded_vault, v_alt_pattern_1, layout_vaults_maze_snakey,
          uniq_frederick, uniq_bai_suzhen
Vaults:4: v_misc_5, grunt_vaults_hallway_long, nicolae_vaults_theta,
          layout_vaults_omnigrid, serial_shops, nicolae_shop_stone

Skill      XL: |  1  2  3  4  5  6  7  8  9 10 11 12 13 14 15 16 17 18 19 20 |
---------------+-------------------------------------------------------------+-----
Fighting       | 3 7 8 9 10 12 13 14 15 16 17 18 19 | 19.4
Dodging        | 9 10 11 12 13 14 16 17 18 19 20 21 22 | 22.8
Polearms       | 11 12 13 14 15 16 | 16.0
Shields        | 1 2 3 4 6 7 9 11 13 15 16 | 16.3
Armour         | 1 4 7 10 11 12 | 12.3
Spellcasting   | 3 6 8 |  8.7
Evocations     | 2 5 7 9 10 | 10.2
Throwing       | |  2.0

Action                   |  1- 3 |  4- 6 |  7- 9 | 10-12 | 13-15 | 16-18 | 19-21 || total
-------------------------+-------+-------+-------+-------+-------+-------+-------++-------
Melee: Trident           |   139 |   211 |   346 |  1005 |  2071 |  3008 |  1346 ||  8126
       Punch             |       |     2 |       |       |       |       |       ||     2
       Tailslap          |       |       |     1 |       |     2 |       |       ||     3
Throw: Dart              |       |       |    16 |     9 |       |       |       ||    25
       Throwing net      |       |       |     2 |       |     1 |     1 |       ||     4
Invok: Call Merchant     |       |       |       |       |       |     1 |       ||     1
Evoke: Wand              |       |       |       |    20 |     8 |    21 |     4 ||    53
       Lightning rod     |       |       |       |       |    10 |    12 |       ||    22
  Use: Scroll            |       |    13 |     8 |     9 |     9 |     8 |     2 ||    49
       Potion            |       |     1 |     4 |     3 |     7 |     9 |       ||    24
 Stab: Sleeping          |     6 |     3 |     2 |     1 |     3 |     2 |       ||    17
       Distracted        |       |     4 |     3 |     3 |    24 |    32 |    19 ||    85
       Held in net/web   |       |       |     1 |       |     1 |     3 |       ||     5
Armor: Leather armour    |    21 |    22 |    34 |    21 |       |       |       ||    98
       Scale mail        |       |       |       |    96 |   350 |   516 |    59 ||  1021
       Gold dragon scale |       |       |       |       |       |       |    37 ||    37
Dodge: Dodged            |    75 |    66 |   117 |   361 |   795 |  1281 |   217 ||  2912
Block: Buckler           |       |    16 |    42 |   164 |   335 |    63 |       ||   620
       Kite shield       |       |       |       |       |       |  4307 |  1206 ||  5513
       Reflection        |       |       |       |       |       |    54 |    74 ||   128

Table legend: (Time is in decaauts)
 A = Elapsed time spent in this place.
 B = Non-inter-level travel time spent in this place.
 C = Inter-level travel time spent in this place.
 D = Time resting spent in this place.
 E = Time spent auto-exploring this place.
 F = Levels seen in this place.
 G = Mean time per level.
                   A        B        C        D        E       F      G
               +--------+--------+--------+--------+--------+-----+--------+
         Total |  43470 |  41991 |   1479 |    327 |  30836 |  37 | 1174.9 |
       Dungeon |  14555 |  13990 |    565 |      0 |  10468 |  15 |  970.3 |
          Lair |   6761 |   6398 |    363 |      0 |   5009 |   5 | 1352.2 |
         Swamp |   7156 |   7050 |    106 |    103 |   5634 |   4 | 1789.0 |
   Spider Nest |   4917 |   4716 |    201 |      0 |   3170 |   4 | 1229.2 |
  Orcish Mines |   1875 |   1837 |     38 |      0 |   1265 |   2 |  937.5 |
        Vaults |   6480 |   6276 |    204 |      0 |   4504 |   4 | 1620.0 |
         Sewer |    168 |    168 |      0 |      0 |    137 |   1 |  168.0 |
       Ossuary |    385 |    385 |      0 |      0 |    204 |   1 |  385.0 |
      Ice Cave |   1171 |   1171 |      0 |    224 |    443 |   1 | 1171.0 |
               +--------+--------+--------+--------+--------+-----+--------+

Top non-repeatable levels by time:
 Swamp:3: 3685 daAuts
Spider:1: 2913 daAuts
  Lair:5: 2508 daAuts
Vaults:2: 2204 daAuts
Vaults:3: 1915 daAuts
Vaults:1: 1816 daAuts
    D:13: 1581 daAuts
  Lair:3: 1509 daAuts
 Swamp:1: 1420 daAuts
    D:15: 1265 daAuts
     D:7: 1234 daAuts
Spider:3: 1208 daAuts
     D:5: 1174 daAuts
   IceCv: 1171 daAuts
    D:10: 1169 daAuts
